 Dungeon Crawl Stone Soup version 0.30-a0-43-gbbf338a72c (webtiles) character file.

Game seed: 11604813543718555364

68910 IdlyInterested the Warrior (level 14, -3/184 HPs)
             Began as a Demonspawn Gladiator on Aug 31, 2022.
             Was an Elder of Okawaru.
             Killed from afar by an ironbound frostheart (20 damage)
             ... by creeping frost
             ... in an ice cave.
             The game lasted 01:23:16 (19696 turns).

IdlyInterested the Warrior (Demonspawn Gladiator)  Turns: 19696, Time: 01:23:16

Health: -3/184     AC: 14    Str: 14    XL:     14   Next: 88%
Magic:  17/17      EV: 19    Int: 10    God:    Okawaru [****..]
Gold:   1034       SH:  6    Dex: 20    Spells: 13/13 levels left

rFire   x . .      SeeInvis .    k - +5 demon blade (flame)
rCold   + + +      Faith    .    E - +0 buckler
rNeg    . . .      Spirit   .    N - +1 leather armour {rC+ rF+}
rPois   .          Reflect  .    U - +2 hat
rElec   +          Harm     .    u - scarf {+Inv}
rCorr   .          Rampage  .    O - +2 pair of gloves
Will    +....                    v - +0 pair of boots
Stlth   ..........               W - amulet of magic regeneration
HPRegen 0.40/turn                a - ring of ice
MPRegen 0.70/turn                P - ring of ice

@: berserking, frozen, studying Throwing, quick
A: horns 1, thin metallic scales 3, foul stench 2, magic regeneration
a: Renounce Religion, Evoke Invisibility, Heroism, Finesse


You were in an ice cave.
You worshipped Okawaru.
Okawaru was greatly pleased with you.
You visited 3 branches of the dungeon, and saw 19 of its levels.
You also visited: Ice Cave.

You collected 1303 gold pieces.
You spent 269 gold pieces at shops.

Inventory:

Hand Weapons
 k - a +5 demon blade of flaming (weapon)
Missiles
 d - 9 throwing nets
 m - 3 datura-tipped darts
 x - 14 atropa-tipped darts
 y - 2 curare-tipped darts
Armour
 u - a scarf of invisibility (worn)
 v - a +0 pair of boots (worn)
 E - a +0 buckler (worn)
 F - a +2 robe of positive energy
 H - a +1 troll leather armour
 N - a +1 leather armour of resistance (worn)
 O - a +2 pair of gloves (worn)
 U - a +2 hat (worn)
Jewellery
 a - a ring of ice (left hand)
 e - a ring of fire
 h - a ring of fire
 j - a +6 ring of strength
 A - an amulet of reflection
 C - a +4 ring of protection
 I - a ring of positive energy
 K - a +4 ring of evasion
 P - a ring of ice (right hand)
 W - an amulet of magic regeneration (around neck)
 Y - a ring of positive energy
Wands
 f - a wand of digging (5)
 p - a wand of flame (19) (quivered)
 t - a wand of iceblast (14)
 w - a wand of acid (17)
 J - a wand of paralysis (25)
Scrolls
 g - 6 scrolls of teleportation
 Q - 3 scrolls of blinking
 R - a scroll of acquirement
 S - 4 scrolls of fear
Potions
 c - 2 potions of cancellation
 i - 7 potions of brilliance
 l - a potion of resistance
 n - 3 potions of mutation
 o - 2 potions of invisibility
 q - 11 potions of curing
 z - 2 potions of flight
 D - 7 potions of ambrosia
 G - 2 potions of magic
 L - a potion of haste
 M - 4 potions of might
Miscellaneous
 b - a phantom mirror
 s - a condenser vane
 T - a tin of tremorstones (2/2)
 V - a lightning rod (4/4)
 X - a piece from Xom's chessboard (15/15)


   Skills:
 - Level 15.0 Fighting
 + Level 14.0 Long Blades
 - Level 6.0 Throwing
 - Level 3.0 Armour
 - Level 12.0 Dodging
 - Level 3.0 Stealth
 - Level 6.0 Shields
 * Level 4.5 Invocations
 - Level 2.0 Evocations


You had 13 spell levels left.
You didn't know any spells.
Your spell library contained the following spells:

 Spells                   Type           Power      Damage    Failure   Level
 Apportation              Tloc           0%         N/A       52%         1
 Foxfire                  Conj/Fire      0%         2x1d4     52%         1
 Necrotise                Necr           0%         1d4       52%         1
 Conjure Flame            Conj/Fire      0%         6-21      87%         3
 Inner Flame              Hex/Fire       0%         N/A       87%         3
 Mephitic Cloud           Conj/Pois/Air  0%         N/A       87%         3
 Airstrike                Air            0%         2d(0-16)  99%         4
 Flame Wave               Conj/Fire      0%         2d4       99%         4
 Olgreb's Toxic Radiance  Pois           0%         N/A       99%         4
 Lightning Bolt           Conj/Air       0%         1d11      100%        5
 Dispersal                Tloc           0%         N/A       100%        6
 Summon Small Mammal      Summ           Unusable   N/A       N/A         1
 Summon Lightning Spire   Summ/Air       Unusable   N/A       N/A         4

Dungeon Overview and Level Annotations

Branches:
Dungeon (13/15)            Temple (1/1) D:4            Lair (5/5) D:10
 Shoals (0/4) Lair:3        Snake (0/4) Lair:3        Slime (0/5) Lair:4
    Orc (0/2) D:12          IceCv (1/1)
 Vaults: D:13-14

Altars:
Ashenzari
Cheibriados
Dithmenos
Fedhas
Gozag
Hepliaklqana
Kikubaaqudgha
Makhleb
Nemelex Xobeh
Okawaru
Qazlal
Ru
Sif Muna
Trog
Uskayaw
Vehumet
Wu Jian
Xom
Yredelemnul
Lugonu

Shops:
D:10 *   D:11 *


Innate Abilities, Weirdness & Mutations

You have a pair of small horns on your head.
You are completely covered in thin metallic scales. (AC +4, rElec)
You sometimes emit foul miasma when damaged in melee.
You regenerate magic rapidly.


Message History

* * * LOW HITPOINT WARNING * * *
You're too confused to move!
You hit the death yak but do no damage.
The death yak is severely wounded.
The death yak barely misses you.
You bump into the ice covered rock wall.
You feel less invigorated.
You feel less confused.
You slice the death yak!! You burn the death yak!
You kill the death yak!
Okawaru accepts your kill.
The ironbound frostheart calls freezing cold from the walls.
The frost grips you. You partially resist.
* * * LOW HITPOINT WARNING * * *
You are encased in ice.
You block the ironbound frostheart's attack.
You hit the ironbound frostheart. You burn the ironbound frostheart.
The ironbound frostheart is lightly wounded.
The ironbound frostheart touches you but does no damage.
You slice the ironbound frostheart!! You burn the ironbound frostheart.
The ironbound frostheart is heavily wounded.
The ironbound frostheart touches you!
* * * LOW HITPOINT WARNING * * *
The ironbound frostheart freezes you. You resist.
* * * LOW HITPOINT WARNING * * *
The ironbound frostheart calls freezing cold from the walls.
The frost grips you!! You partially resist.
* * * LOW HITPOINT WARNING * * *
You feel much better. The ice encasing you melts away.
The ironbound frostheart calls freezing cold from the walls.
The frost grips you! You partially resist.
* * * LOW HITPOINT WARNING * * *
You are encased in ice.
A red film seems to cover your vision as you go berserk!
You feel yourself moving faster!
You feel mighty! The ironbound frostheart misses you.
The ironbound frostheart calls freezing cold from the walls.
The frost grips you!! You partially resist.
You die... ##### ########## #[[[# #phY##...#########...# #YY.##p@.##...#..#.....# #.pYp

########..#....####
..hh #..#####.~~#~
... ##..##..~#~~~
#. ###...##~~≈# #
#####☼.### ○○○...
........ ..○○§..#


You could see 2 ironbound frosthearts, a polar bear and a yak.

Vanquished Creatures
  Gastronok (D:10)
  The ghost of Pegaph the Fighter, a journeyman PaAM of Vehumet (Lair:2)
  Fannar (D:10)
  Erolcha (D:9)
  Harold (D:9)
  2 catoblepae
  3 hydras
  The ghost of Newt the Summoner, a journeyman DsGl of Gozag (D:9)
  2 boulder beetles
  5 two-headed ogres
  3 death yaks (IceCv)
  Nergalle (D:10)
  Amaemon (Lair:2)
  A fire crab (Lair:4)
  A deep elf pyromancer (D:12)
  4 ugly things
  4 manticores
  Joseph (D:10)
  Maurice (D:10)
  6 elephants (Lair:1)
  5 centaur zombies (D:11)
  A guardian serpent (Lair:3)
  An ice statue (IceCv)
  4 black mambas
  A torpor snail (Lair:4)
  8 cane toads
  An orange demon (Lair:2)
  4 rime drakes
  Psyche (D:11)
  An unseen horror (D:10)
  3 kobold demonologists
  An ancient zyme (D:8)
  9 komodo dragons
  4 trolls
  A queen bee (D:9)
  14 polar bears
  17 blink frogs
  7 hornets
  4 small abominations (D:8)
  A snapping turtle (Lair:3)
  2 dream sheep (Lair:5)
  16 spriggans (Lair:5)
  3 shadows (D:11)
  5 wraiths (D:11)
  2 wyverns
  6 vampires
  2 basilisks
  69 yaks
  3 vampire mosquitoes (D:9)
  3 wargs (D:12)
  3 acid dragons
  12 water moccasins
  2 orc warriors
  A swamp drake (D:10)
  2 sky beasts
  4 black bears
  7 ogres
  31 wolves
  3 boggarts (Lair:5)
  5 centaurs
  8 kobold brigands
  3 gnoll sergeants
  13 bullfrogs
  5 scorpions
  4 wights (D:8)
  29 killer bees
  An electric eel (Lair:5)
  9 hounds
  8 orc priests
  2 gnoll boudas (D:6)
  14 jellies
  Ijyb (D:4)
  2 iguanas
  13 orc wizards
  7 adders
  18 gnolls
  A shadow imp (D:6)
  2 white imps (D:5)
  3 worms
  A dart slug (D:2)
  24 orcs
  An endoplasm (D:1)
  3 giant cockroaches
  9 goblins
  9 hobgoblins
  7 jackals
  34 kobolds
  5 quokkas
  6 ball pythons
  3 bats
  4 frilled lizards
  7 rats
566 creatures vanquished.

Vanquished Creatures (others)
  19 fungi
  35 plants
54 creatures vanquished.

Grand Total: 620 creatures vanquished

Notes
Turn   | Place    | Note
-------+----------+-------------------------------------------
     0 | D:1      | IdlyInterested the Demonspawn Gladiator began the quest for
                  | the Orb.
     0 | D:1      | Reached XP level 1. HP: 16/16 MP: 1/1
    21 | D:1      | Found a faded altar of an unknown god.
   413 | D:1      | Gained mutation: You may rarely emit foul miasma when
                  | damaged in melee. [demonic ancestry]
   413 | D:1      | Reached XP level 2. HP: 22/23 MP: 2/2
   795 | D:2      | Found a burning altar of Makhleb.
  1008 | D:2      | Reached skill level 3 in Fighting
  1008 | D:2      | Reached XP level 3. HP: 27/29 MP: 3/3
  1973 | D:3      | Identified a scroll of acquirement
  1973 | D:3      | Acquired a +2 demon blade of flaming
  2097 | D:3      | Found a sparkling altar of Nemelex Xobeh.
  2104 | D:3      | Gained mutation: You are partially covered in thin metallic
                  | scales. (AC +2) [demonic ancestry]
  2104 | D:3      | Reached XP level 4. HP: 30/37 MP: 4/4
  2105 | D:3      | Found a shimmering blue altar of Sif Muna.
  2166 | D:3      | Found an ancient bone altar of Kikubaaqudgha.
  2166 | D:3      | Found a hazy altar of Hepliaklqana.
  2167 | D:3      | Found an ornate altar of the Wu Jian Council.
  2888 | D:4      | Reached skill level 4 in Fighting
  2981 | D:4      | Found an iron altar of Okawaru.
  2982 | D:4      | Noticed Ijyb
  2991 | D:4      | Killed Ijyb
  3095 | D:4      | Noticed an ogre
  3102 | D:4      | Killed an ogre
  3103 | D:4      | Gained mutation: You sometimes emit foul miasma when
                  | damaged in melee. [demonic ancestry]
  3103 | D:4      | Reached XP level 5. HP: 42/42 MP: 5/5
  3119 | D:4      | Noticed an ogre
  3125 | D:4      | Killed an ogre
  3126 | D:4      | Reached XP level 6. HP: 36/48 MP: 6/6
  3359 | D:4      | Found a staircase to the Ecumenical Temple.
  3368 | Temple   | Entered the Ecumenical Temple
  3596 | D:4      | Reached skill level 5 in Long Blades
  3911 | D:4      | Reached skill level 1 in Armour
  4151 | D:5      | Entered Level 5 of the Dungeon
  4167 | D:5      | Gained mutation: You have a pair of small horns on your
                  | head. [demonic ancestry]
  4167 | D:5      | Reached XP level 7. HP: 54/54 MP: 7/7
  4266 | D:5      | Found a radiant altar of Vehumet.
  4399 | D:5      | Reached skill level 1 in Stealth
  4462 | D:5      | Found a broken altar of Ashenzari.
  4645 | D:5      | Reached skill level 1 in Evocations
  5238 | D:5      | Reached XP level 8. HP: 53/60 MP: 8/8
  5447 | D:6      | Reached skill level 1 in Shields
  6213 | D:6      | Reached skill level 5 in Fighting
  6494 | D:6      | Reached skill level 6 in Fighting
  6500 | D:6      | HP: 3/64 [poisoned by a kobold]
  6997 | D:6      | Reached XP level 9. HP: 69/69 MP: 9/9
  7582 | D:7      | Found a transporter.
  7589 | D:7      | Reached skill level 5 in Dodging
  7810 | D:7      | Found a transporter.
  7822 | D:7      | Identified the +11 hand axe of Overwhelming Force {vorpal,
                  | Fragile rN+ Will+}
  8064 | D:7      | Found a broken altar of Ashenzari.
  8946 | D:8      | Noticed a red ugly thing
  8948 | D:8      | Noticed an ancient zyme
  8948 | D:8      | Noticed a red ugly thing
  8950 | D:8      | Found a transporter.
  8950 | D:8      | Found a corrupted altar of Lugonu.
  8951 | D:8      | Noticed a brown ugly thing
  9133 | D:8      | Reached skill level 10 in Long Blades
  9133 | D:8      | Gained mutation: You regenerate magic rapidly. [demonic
                  | ancestry]
  9133 | D:8      | Reached XP level 10. HP: 68/76 MP: 10/10
  9168 | D:8      | Found an opulent altar of Gozag.
  9339 | D:8      | Found a transporter.
  9445 | D:8      | Killed a red ugly thing
  9452 | D:8      | Killed a brown ugly thing
  9453 | D:8      | Reached skill level 7 in Fighting
  9455 | D:8      | Killed a red ugly thing
  9470 | D:8      | Reached skill level 8 in Fighting
  9589 | D:9      | Noticed Erolcha
  9595 | D:9      | Killed Erolcha
  9755 | D:9      | Found a shimmering altar of Xom.
  9822 | D:9      | Found a large runed translucent door.
  9822 | D:9      | Found a large runed translucent door.
  9822 | D:9      | Noticed Newt's ghost (journeyman DsGl)
  9942 | D:9      | Reached XP level 11. HP: 85/86 MP: 11/11
  9947 | D:9      | Noticed Harold
  9956 | D:9      | Killed Harold
 10460 | D:9      | Killed Newt's ghost
 10494 | D:10     | Entered Level 10 of the Dungeon
 10494 | D:10     | Found Gysiru's Overcharged Wands.
 10495 | D:10     | Noticed Nergalle
 10506 | D:10     | Killed Nergalle
 10585 | D:10     | Noticed Gastronok
 10598 | D:10     | Killed Gastronok
 10692 | D:10     | Found a hide-covered altar of Uskayaw.
 10703 | D:10     | Found a shadowy altar of Dithmenos.
 10760 | D:10     | Noticed Joseph
 10769 | D:10     | Killed Joseph
 10898 | D:10     | Found a sacrificial altar of Ru.
 11106 | D:10     | Found a staircase to the Lair.
 11319 | D:10     | Noticed Maurice
 11326 | D:10     | Killed Maurice
 11339 | D:10     | Gained mutation: You are mostly covered in thin metallic
                  | scales. (AC +3) [demonic ancestry]
 11339 | D:10     | Reached XP level 12. HP: 85/94 MP: 12/12
 11364 | D:10     | Noticed Fannar
 11373 | D:10     | Killed Fannar
 11666 | Lair:1   | Entered Level 1 of the Lair of Beasts
 11822 | Lair:1   | You fall into a shaft and drop 1 floor!
 11822 | Lair:2   | Noticed Amaemon
 11822 | Lair:2   | Noticed a catoblepas
 11847 | Lair:2   | Killed a catoblepas
 11859 | Lair:2   | Killed Amaemon
 11872 | Lair:2   | Reached skill level 9 in Fighting
 11982 | Lair:2   | Noticed Pegaph's ghost (journeyman PaAM)
 11983 | Lair:2   | Noticed a six-headed hydra
 11999 | Lair:2   | Found a runed translucent gate.
 11999 | Lair:2   | Found a runed translucent gate.
 11999 | Lair:2   | Found a runed translucent gate.
 12631 | Lair:2   | Reached skill level 10 in Fighting
 12646 | Lair:2   | Reached skill level 10 in Dodging
 12831 | Lair:2   | Noticed an eight-headed hydra
 12839 | Lair:2   | Killed a four-headed hydra
 13221 | Lair:2   | Gained mutation: You are completely covered in thin
                  | metallic scales. (AC +4, rElec) [demonic ancestry]
 13221 | Lair:2   | Reached XP level 13. HP: 104/104 MP: 13/13
 13405 | Lair:2   | Reached skill level 5 in Shields
 13423 | Lair:2   | Killed Pegaph's ghost
 13520 | Lair:2   | Identified the +1 robe of Xoosmicu {+Inv rF- Str+3 Dex+6}
 13704 | Lair:3   | Found a staircase to the Snake Pit.
 13713 | Lair:3   | Reached skill level 5 in Throwing
 13720 | Lair:3   | Reached skill level 11 in Fighting
 13841 | Lair:3   | Found a staircase to the Shoals.
 14426 | Lair:4   | Found a staircase to the Slime Pits.
 14987 | Lair:5   | Entered Level 5 of the Lair of Beasts
 15248 | Lair:5   | Reached skill level 12 in Fighting
 15636 | Lair:5   | Reached XP level 14. HP: 93/116 MP: 14/14
 15823 | Lair:5   | Reached skill level 13 in Fighting
 17032 | D:4      | Became a worshipper of Warmaster Okawaru
 17707 | D:11     | Reached * piety under Okawaru
 17868 | D:11     | Found Viuquh's Fire Supplies.
 17886 | D:11     | Bought a wand of flame (5) for 38 gold pieces
 17926 | D:11     | Noticed Psyche
 17933 | D:11     | Killed Psyche
 17983 | D:11     | Reached skill level 14 in Fighting
 18029 | D:11     | Reached ** piety under Okawaru
 18389 | D:11     | Bought a +2 ring mail of fire resistance for 231 gold
                  | pieces
 18587 | D:12     | Found a staircase to the Orcish Mines.
 18681 | D:12     | Got the Spellbook of the Snake and the Tesseract
 19140 | D:13     | Found a frozen archway.
 19175 | IceCv    | Entered an ice cave
 19232 | IceCv    | Reached *** piety under Okawaru
 19383 | IceCv    | Reached skill level 1 in Invocations
 19433 | IceCv    | Reached skill level 15 in Fighting
 19487 | IceCv    | Reached **** piety under Okawaru
 19694 | IceCv    | HP: 1/123 [ironbound frostheart/creeping frost (18)]
 19696 | IceCv    | Killed from afar by an ironbound frostheart

Illustrated notes

Levels and vault maps discovered:
D:1:      spicycebolla_arrival_clurvy, layout_loops_ring,
          hellmonk_ecumenical_altar_zigzags, hangedman_decor_points
D:2:      layout_basic, basic_altar
D:3:      layout_basic, grunt_temple_overflow_open
D:4:      layout_basic, mainiacjoe_overflow_cross_hatched, temple_fountains,
          hangedman_abyss_or_decor_stabs, uniq_ijyb
D:5:      layout_gridville, hangedman_feature_mirror
D:6:      kennysheep_housing_project, layout_loops_corners,
          kennysheep_generic_room_6
D:7:      gammafunk_beogh_shrine, layout_basic, ashenzari_altar_1,
          chequers_serial_rivers_micro_e
D:8:      gammafunk_corrupted_shrine, layout_cave_pools,
          nicolae_gozag_seed_capital, glass_columns_a
D:9:      layout_roguey [special_room_bee], mainiacjoe_overflow_paths,
          ebering_ghost_disaster_area, uniq_erolcha, uniq_harold
D:10:     layout_basic, amcnicky_altar_gilded, amethyst_overflow_temple_binary,
          erik_lair_dragon, nicolae_shop_overcharged_wands, uniq_maurice,
          uniq_fannar, uniq_nergalle, uniq_joseph, uniq_gastronok
D:11:     layout_gridville, serial_undead, serial_undead_b, serial_undead_f,
          serial_undead_a, serial_undead_e, nicolae_shop_fire_sale
          [nicolae_sub_dead_trees], minmay_misc_feat_encased, uniq_psyche
D:12:     layout_cave_pools, minmay_orc_entry_guard_dogs
D:13:     evilmike_negative_zone, layout_cave_pools,
          portal_ice_cave_entry_pillars_1
Temple:   hellmonk_temple_forest_ring
Lair:1:   layout_regular_city, chequers_serial_rivers_micro_d, minivault_24
Lair:2:   layout_gridlike, gammafunk_ghost_split, uniq_amaemon
Lair:3:   layout_cave_shapes, minmay_shoals_entry_hut,
          minmay_snake_entry_spellcaster
Lair:4:   layout_big_grid, minmay_slime_entry_jelly_boxes,
          grunt_forest_small_clearings, minmay_holes, serial_bayou_pond_c
Lair:5:   minmay_lair_end_enchanted_forest, layout_cellular_growth,
          minivault_26, serial_bayou_shore_a
IceCv:    ice_cave_caverns_03

Skill      XL: |  1  2  3  4  5  6  7  8  9 10 11 12 13 14 |
---------------+-------------------------------------------+-----
Long Blades    | 3 4 5 6 8 10 11 13 14 | 14.0
Fighting       | 3 4 6 8 10 12 15 | 15.0
Dodging        | 3 4 6 7 8 10 12 | 12.0
Armour         | 1 2 3 |  3.0
Stealth        | 2 3 |  3.0
Throwing       | 2 3 4 5 6 |  6.0
Evocations     | 2 |  2.0
Shields        | 2 3 4 5 6 |  6.0
Invocations    | 4 |  4.5

Action                   |  1- 3 |  4- 6 |  7- 9 | 10-12 | 13-15 || total
-------------------------+-------+-------+-------+-------+-------++-------
Melee: Long sword        |    92 |       |       |       |       ||    92
       Demon blade       |     7 |    76 |   233 |   498 |   840 ||  1654
       Headbutt          |       |       |    48 |   107 |   223 ||   378
       Punch             |       |       |     1 |       |       ||     1
Throw: Boomerang         |       |    12 |    18 |    42 |    87 ||   159
       Dart              |       |       |       |     1 |    12 ||    13
Evoke: Wand              |       |       |     3 |     1 |    32 ||    36
       Phantom mirror    |       |       |       |     1 |       ||     1
  Use: Scroll            |     7 |     5 |     9 |    12 |     3 ||    36
       Potion            |       |     2 |       |     4 |     7 ||    13
 Stab: Sleeping          |     1 |       |       |     3 |       ||     4
       Petrified         |       |       |       |     2 |       ||     2
       Distracted        |       |       |       |       |     1 ||     1
Armor: Leather armour    |     6 |       |       |       |     9 ||    15
       Ring mail         |    39 |    18 |       |       |       ||    57
       Scale mail        |       |     8 |   123 |       |       ||   131
       Troll leather arm |       |       |     6 |   116 |   122 ||   244
       Robe              |       |       |       |       |    12 ||    12
Dodge: Dodged            |    65 |    39 |   148 |   357 |   513 ||  1122
Block: Buckler           |       |       |    22 |   108 |   177 ||   307

Table legend: (Time is in decaauts)
 A = Elapsed time spent in this place.
 B = Non-inter-level travel time spent in this place.
 C = Inter-level travel time spent in this place.
 D = Time resting spent in this place.
 E = Time spent auto-exploring this place.
 F = Levels seen in this place.
 G = Mean time per level.
                   A        B        C        D        E       F      G
               +--------+--------+--------+--------+--------+-----+--------+
         Total |  19340 |  16289 |   3051 |   1864 |   9477 |  20 |  967.0 |
       Dungeon |  13799 |  11421 |   2378 |   1589 |   6901 |  13 | 1061.5 |
        Temple |    155 |    153 |      2 |      0 |    126 |   1 |  155.0 |
          Lair |   4911 |   4241 |    670 |    274 |   2450 |   5 |  982.2 |
      Ice Cave |    474 |    474 |      0 |      0 |      0 |   1 |  474.0 |
               +--------+--------+--------+--------+--------+-----+--------+

Top non-repeatable levels by time:
     D:6: 2037 daAuts
  Lair:5: 1523 daAuts
     D:7: 1429 daAuts
    D:10: 1391 daAuts
     D:4: 1328 daAuts
     D:5: 1324 daAuts
    D:11: 1059 daAuts
  Lair:2: 1037 daAuts
     D:2: 1035 daAuts
     D:1: 970 daAuts
     D:9: 917 daAuts
  Lair:4: 886 daAuts
     D:3: 866 daAuts
  Lair:1: 860 daAuts
     D:8: 845 daAuts
